 Dungeon Crawl Stone Soup version 0.29-a0-477-g62b78b4225 (webtiles) character file.

Game seed: 40270466635717408

630 bande the Chopper (level 7, -1/44 HPs)
             Began as a Gargoyle Fighter on May 24, 2022.
             Splashed by a jelly's acid (5 damage)
             ... on level 4 of the Dungeon.
             The game lasted 00:07:55 (4095 turns).

bande the Chopper (Gargoyle Fighter)                Turns: 4095, Time: 00:07:56

Health: -1/44      AC:  2    Str: 19    XL:     7   Next: 48%
Magic:  7/7        EV:  5    Int:  9    God:
Gold:   190        SH:  4    Dex: 11    Spells: 6/6 levels left

rFire   . . .      SeeInvis .   a - +0 war axe
rCold   . . .      Faith    .   c - +0 buckler
rNeg    + . .      Spirit   .   o - +0 plate armour
rPois   ∞          Reflect  .   f - +1 helmet
rElec   +          Harm     .   (no cloak)
rCorr   .          Rampage  .   e - +1 pair of gloves
Will    .....                   n - +0 pair of boots
Stlth   ..........              (no amulet)
HPRegen 0.14/turn               (no ring)
MPRegen 0.10/turn               (no ring)

@: corroded
A: sickness immunity, AC +4, negative energy resistance 1, electricity
resistance, torment resistance 1, petrification resistance
a: no special abilities


You were on level 4 of the Dungeon.
You visited 1 branch of the dungeon, and saw 4 of its levels.

You collected 190 gold pieces.

Inventory:

Hand Weapons
 a - a +0 war axe (weapon)
 m - a +0 war axe
Armour
 c - a +0 buckler (worn)
 e - a +1 pair of gloves (worn)
 f - a +1 helmet (worn)
 n - a +0 pair of boots (worn)
 o - a +0 plate armour (worn)
Wands
 r - a wand of digging (5)
Scrolls
 b - a scroll of poison
 i - a scroll of enchant armour
 j - a scroll of teleportation
 p - 5 scrolls of identify
 s - a scroll of noise {unknown}
 t - a scroll of fear
Potions
 d - 2 potions of might
 g - a potion of resistance
 h - 2 potions of curing {unknown}
 l - a potion of attraction {unknown}
 q - 3 potions of mutation {unknown}
 u - a potion of degeneration {unknown}


   Skills:
 + Level 4.5 Fighting
 + Level 5.4 Axes
 + Level 5.1 Armour
 - Level 0.2 Dodging
 - Level 0.1 Stealth
 + Level 4.3 Shields
 * Level 0.2 Evocations


You had 6 spell levels left.
You didn't know any spells.
Your spell library contained the following spells:

 Spells                   Type           Power      Damage    Failure   Level
 Poisonous Vapours        Pois/Air       0%         N/A       100%        2
 Conjure Flame            Conj/Fire      0%         6-21      100%        3
 Gell's Gravitas          Tloc           0%         N/A       100%        3
 Ignite Poison            Fire/Tmut/Pois 0%         N/A       100%        3
 Lesser Beckoning         Tloc           0%         N/A       100%        3
 Teleport Other           Tloc           0%         N/A       100%        3
 Corpse Rot               Necr/Pois/Air  0%         N/A       100%        4
 Sticky Flame             Conj/Fire      0%         2d3       100%        4
 Chain Lightning          Conj/Air       0%         N/A       100%        9
 Fire Storm               Conj/Fire      0%         5d1       100%        9
 Shatter                  Erth           0%         3d5*      100%        9


Dungeon Overview and Level Annotations

Branches:
Dungeon (4/15)
 Temple: D:4-7

Altars:
Uskayaw
Wu Jian
Zin


Innate Abilities, Weirdness & Mutations

You are immune to sickness and miasma.
Your stone body is resilient. (AC +4)
You are immune to poison.
You resist negative energy. (rN+)
You are resistant to electric shocks. (rElec)
You are resistant to unholy torment.
You are immune to petrification.


Message History

You hit the jelly but do no damage.
Your hands burn!
The jelly is heavily wounded.
The jelly hits you.
You are splashed with acid.
You are too injured to fight recklessly!
You are too injured to fight recklessly!
A jelly is nearby!
You are too injured to fight recklessly!
The jelly attacks as you move away! The jelly hits you.
You are splashed with acid!
* * * LOW HITPOINT WARNING * * *
The jelly attacks as you move away! The jelly hits you but does no damage.
You hit the jelly but do no damage.
Your hands burn!
* * * LOW HITPOINT WARNING * * *
The jelly is heavily wounded.
The jelly hits you but does no damage.
You completely miss the jelly.
The jelly is heavily wounded.
The jelly closely misses you.
You hit the jelly but do no damage.
Your hands burn!
* * * LOW HITPOINT WARNING * * *
The jelly is heavily wounded.
The jelly barely misses you.
You hit the jelly but do no damage. The acid corrodes you!
Your hands burn!
* * * LOW HITPOINT WARNING * * *
The jelly is heavily wounded.
The jelly hits you but does no damage. x2
You feel much better. The jelly barely misses you.
You barely miss the jelly.
The jelly is heavily wounded.
The jelly hits you.
You are splashed with acid!
* * * LOW HITPOINT WARNING * * *
You barely miss the jelly.
The jelly is heavily wounded.
The jelly hits you but does no damage.
You hit the jelly.
Your hands burn!
* * * LOW HITPOINT WARNING * * *
The jelly is severely wounded.
You block the jelly's attack.
You hit the jelly. The acid corrodes you!
Your hands burn!
You die...

.#..#####################.##
.#...............# #.#
.#.#############.# #.# .#.#
#.# #.# .#.# #.# #.# .#.#
#.# #># .#.# #####.# #.#
.#.# #...#.# #.# ^#.#
#.#.#@# #.# ...# #.#.#J# #.#
.### #.#[#.# #.#
############.#.#)########.#
...............#.#..†.....#
############.###.#.########
#.# ..#.# #.# ###.# #.# #.#


You could see a jelly.

Vanquished Creatures
  Grinder (D:4)
  2 scorpions (D:4)
  A hound (D:4)
  An iguana (D:4)
  Robin (D:3)
  12 gnolls
  7 adders
  3 worms (D:2)
  3 dart slugs
  2 orcs
  4 endoplasms
  7 giant cockroaches
  17 goblins
  5 hobgoblins
  2 quokkas
  4 ball pythons
  2 bats
  4 frilled lizards
  8 kobolds
  5 rats
91 creatures vanquished.

Vanquished Creatures (others)
  A rat (D:3)
1 creature vanquished.

Grand Total: 92 creatures vanquished

Notes
Turn   | Place    | Note
-------+----------+-------------------------------------------
     0 | D:1      | bande the Gargoyle Fighter began the quest for the Orb.
     0 | D:1      | Reached XP level 1. HP: 14/14 MP: 1/1
   265 | D:1      | Reached XP level 2. HP: 19/19 MP: 2/2
   366 | D:1      | Found a faded altar of an unknown god.
  1054 | D:2      | Reached XP level 3. HP: 20/23 MP: 3/3
  1162 | D:2      | Found a glowing silver altar of Zin.
  1387 | D:2      | Reached XP level 4. HP: 29/29 MP: 4/4
  1889 | D:3      | Noticed Robin
  1909 | D:3      | Killed Robin
  1995 | D:3      | Reached XP level 5. HP: 22/33 MP: 5/5
  2413 | D:3      | Noticed a +0 dagger
  2413 | D:3      | Noticed a +0 hand axe
  2419 | D:3      | Found a hide-covered altar of Uskayaw.
  2526 | D:3      | Reached XP level 6. HP: 20/38 MP: 6/6
  3133 | D:4      | Found an ornate altar of the Wu Jian Council.
  3684 | D:4      | Noticed Grinder
  3691 | D:4      | Killed Grinder
  3692 | D:4      | Reached skill level 5 in Axes
  3692 | D:4      | Reached skill level 5 in Armour
  3692 | D:4      | Reached XP level 7. HP: 37/44 MP: 7/7
  4090 | D:4      | HP: 1/44 [acid (2)]
  4095 | D:4      | Splashed by a jelly's acid

Illustrated notes

Levels and vault maps discovered:
D:1:      evilmike_arrival_grusome_pit, layout_basic,
          shapermc_ecumenical_altar_starsandcircs, serial_bayou_pond_c
D:2:      layout_loops_ring, basic_altar, minmay_split_cup_large
D:3:      layout_loops_ring, dancing_weapons_uskayaw, hangedman_decor_points,
          uniq_robin
D:4:      cheibrodos_old_hovel, layout_basic, nzn_wu_jian_contemplation,
          uniq_grinder

Skill      XL: |  1  2  3  4  5  6 |
---------------+-------------------+-----
Axes           | 2 3 4 5 |  5.4
Armour         | 4 5 |  5.1
Fighting       | 4 |  4.5
Shields        | 4 |  4.3
Dodging        | |  0.2
Stealth        | |  0.1
Evocations     | |  0.2

Action                   |  1- 3 |  4- 6 |  7- 9 || total
-------------------------+-------+-------+-------++-------
Melee: War axe           |   115 |   187 |    38 ||   340
  Use: Scroll            |     7 |     1 |       ||     8
       Potion            |       |       |     1 ||     1
Armor: Scale mail        |    56 |       |       ||    56
       Plate armour      |    26 |   184 |    24 ||   234
Dodge: Dodged            |    62 |    54 |    12 ||   128
Block: Buckler           |    27 |    44 |     6 ||    77

Table legend: (Time is in decaauts)
 A = Elapsed time spent in this place.
 B = Non-inter-level travel time spent in this place.
 C = Inter-level travel time spent in this place.
 D = Time resting spent in this place.
 E = Time spent auto-exploring this place.
 F = Levels seen in this place.
 G = Mean time per level.
                   A        B        C        D        E       F      G
               +--------+--------+--------+--------+--------+-----+--------+
         Total |   4235 |   4202 |     33 |    389 |   2838 |   4 | 1058.8 |
       Dungeon |   4235 |   4202 |     33 |    389 |   2838 |   4 | 1058.8 |
               +--------+--------+--------+--------+--------+-----+--------+

Top non-repeatable levels by time:
     D:3: 1278 daAuts
     D:1: 1050 daAuts
     D:4: 1049 daAuts
     D:2: 857 daAuts
